Map: 锈化山巅-天梯版

Players

iGXY (XY) - Winner!

  • Race: Terran Terran

Cyan

  • Race: Protoss Protoss
  • League: Master

Event: DreamHack SC2 Masters 2020 Winter

VOD

Have the link to the VOD?

Description

Time

  • Played on: Nov. 1, 2020, 7:53 a.m.
  • Length: 12:47

All games in this series

Show
View Real Time Build Order
Export as new Build Order

iGXY Terran - Winner!

Build Orders: Banshee Rush 

Get SALT Encoding   

  12  0:00  SCV  
  13  0:12  SCV  
  14  0:18  Supply Depot  
  14  0:24  SCV  
  15  0:39  SCV  
  15  0:40  Barracks  
  16  0:44  Refinery  
  16  0:51  SCV  
  17  1:03  SCV  
  18  1:15  SCV  
  19  1:27  Barracks Reactor  
  19  1:28  Orbital Command  
  19  1:44  Command Center  
  20  1:54  Supply Depot, SCV  
  20  2:03  Marine x2  
  20  2:06  SCV  
  23  2:17  Factory  
  23  2:18  SCV  
  23  2:21  Marine x2  
  26  2:28  Refinery  
  26  2:30  SCV  
  27  2:39  Marine x2  
  27  2:42  SCV  
  30  2:55  SCV  
  30  2:56  Orbital Command  
  30  3:03  Starport  
  30  3:07  SCV  
  30  3:11  Hellion x2  
  35  3:15  Barracks Tech Lab  
  35  3:21  SCV  
  35  3:22  SCV  
  37  3:33  SCV  
  38  3:34  SCV  
  39  3:44  Cloaking Field, Banshee  
  39  3:45  SCV  
  39  3:46  SCV  
  39  3:47  Supply Depot  
  44  3:50  Factory Tech Lab  
  44  3:57  SCV  
  44  3:58  SCV  
  44  4:03  Command Center  
  44  4:08  Marine x2  
  44  4:09  SCV  
  47  4:14  SCV  
  51  4:21  SCV  
  52  4:26  SCV  
  52  4:27  Supply Depot  
  53  4:33  SCV, Banshee  
  54  4:43  Supply Depot  
  54  4:44  Bunker  
  54  4:48  Marine x2  
  54  4:49  SCV x2, Siege Tank  
  59  5:01  SCV x2, Barracks  
  59  5:02  Barracks  
  59  5:06  Marine x2, Supply Depot  
  63  5:11  Refinery, Engineering Bay  
  63  5:13  SCV  
  63  5:14  SCV  
  65  5:15  Orbital Command  
  65  5:22  Siege Tank  
  65  5:25  SCV  
  65  5:27  SCV  
  65  5:28  Refinery  
  70  5:30  Starport Reactor  
  70  5:35  Marine x2  
  71  5:37  SCV  
  71  5:39  SCV  
  71  5:42  Barracks  
  74  5:43  SCV, Barracks  
  74  5:46  Terran Infantry Weapons Level 1  
  74  5:49  Barracks Tech Lab  
  75  5:55  Marine x2  
  77  6:00  Siege Tank  
  80  6:06  Marauder, Stimpack  
  80  6:10  SCV x2  
  84  6:12  Marine  
  84  6:15  Starport Reactor  
  84  6:17  Supply Depot  
  85  6:21  Combat Shield, Marauder, Marine  
  85  6:22  SCV x2  
  90  6:26  Missile Turret  
  90  6:27  Missile Turret  
  90  6:28  Supply Depot, Marauder  
  90  6:29  Supply Depot  
  90  6:30  Orbital Command  
  92  6:34  SCV  
  92  6:39  SCV  
  94  6:42  Marauder  
  94  6:44  Siege Tank  
  94  6:46  SCV  
  100  6:51  SCV  
  100  6:53  Supply Depot  
  101  6:54  Medivac x2  
  101  6:55  Barracks Tech Lab  
  101  6:58  SCV x2  
  107  7:03  SCV  
  107  7:04  Marauder x2  
  107  7:05  Supply Depot, Marine x3  
  107  7:07  Marine  
  116  7:10  SCV  
  116  7:15  SCV  
  118  7:17  Supply Depot  
  118  7:18  SCV, Supply Depot  
  118  7:20  Supply Depot  
  118  7:22  Siege Tank  
  119  7:24  SCV  
  119  7:26  Medivac x2  
  119  7:27  SCV  
  125  7:33  Refinery  
  125  7:34  Marauder x3, Refinery, Marine  
  125  7:35  Marine  
  133  7:39  Marine  
  133  7:40  Marine  
  133  7:43  Supply Depot  
  135  7:45  SCV  
  135  7:48  Terran Infantry Armor Level 1  
  135  7:50  SCV x2  
  138  7:52  Marine  
  138  7:53  Marine  
  138  7:55  Marauder  
  138  7:56  Marauder x2, Medivac  
  138  7:57  Marine  
  149  8:03  Medivac  
  149  8:04  Marine  
  149  8:06  Missile Turret  
  149  8:10  Marine  
  149  8:11  Marine, Siege Tank  
  154  8:14  Marine  
  154  8:16  Marine  
  154  8:17  Marauder x2  
  160  8:20  Supply Depot  
  160  8:22  Marine  
  160  8:25  Supply Depot  
  160  8:26  SCV  
  162  8:28  Marine  
  162  8:29  Marine  
  161  8:36  Supply Depot  
  161  8:39  Supply Depot  
  161  8:42  Marauder, Marine x2, Supply Depot  
  161  8:47  Marauder x2, SCV, Siege Tank  
  173  8:49  Supply Depot  
  173  8:53  Marine  
  173  8:58  Medivac x2  
  173  8:59  Marine  
  174  9:09  Marine, Marauder x3  
  180  9:11  Marine  
  180  9:17  Marine  
  180  9:19  Siege Tank  
  180  9:28  Medivac x2  
  180  9:29  Marine  
  180  9:30  Marauder  
  180  9:31  Marauder  
  188  9:34  Marauder  
  184  9:41  Marine x2  
  180  9:46  Marine  
  180  9:51  Siege Tank  
  180  9:52  Marauder x2  
  187  9:56  Marauder  
  187  9:58  Medivac x2  
  189  10:13  Marine x2  
  173  10:14  Marine, Marauder  
  173  10:16  SCV, Marauder  
  173  10:17  Marine  
  154  10:22  SCV  
  154  10:23  Siege Tank  
  154  10:28  SCV x2  
  153  10:31  Marine x2  
  153  10:32  Marine  
  153  10:34  SCV, Marine  
  158  10:35  Marauder  
  158  10:37  Marine  
  158  10:40  SCV x2  
  158  10:41  Medivac x2  
  164  10:46  SCV  
  164  10:49  Marine x3  
  167  10:52  SCV x2  
  167  10:53  Marauder  
  167  10:55  Supply Depot x2  
  167  10:56  Marine  
  173  10:59  Supply Depot  
  173  11:04  SCV, Marauder  
  176  11:07  Marine x3  
  176  11:14  Marauder x2  
  180  11:21  SCV x2  
  180  11:25  Marine x4  
  168  11:34  SCV x2  
  168  11:35  Marine  
  168  11:36  Marauder  
  171  11:42  Marine x2  
  171  11:43  Marine x2  
  165  11:52  SCV x3  
  165  11:54  Marauder  
  170  11:57  Marauder, Medivac x2  
  170  12:00  Marine x3  
  170  12:01  Marine  
  179  12:04  SCV x2  
  179  12:15  Marauder  
Show
View Real Time Build Order
Export as new Build Order

Cyan Protoss 

Build Orders: 1 Gate Expand, Colossus Rush 

Get SALT Encoding   

  12  0:00  Probe  
  13  0:12  Probe  
  14  0:18  Pylon  
  14  0:24  Probe (Chrono Boost)  
  15  0:37  Probe (Chrono Boost)  
  15  0:38  Gateway  
  16  0:45  Probe (Chrono Boost)  
  16  0:47  Assimilator  
  17  0:51  Probe  
  18  1:03  Probe  
  19  1:16  Probe  
  20  1:25  Cybernetics Core  
  20  1:33  Nexus  
  20  1:35  Probe  
  21  1:42  Pylon  
  21  1:47  Probe  
  21  1:50  Assimilator  
  22  1:58  Adept (Chrono Boost)  
  22  1:59  Probe  
  25  2:02  Warp Gate  
  25  2:11  Probe  
  26  2:18  Adept (Chrono Boost)  
  28  2:24  Probe  
  29  2:30  Robotics Facility  
  30  2:37  Probe (Chrono Boost)  
  30  2:44  Adept  
  30  2:45  Probe (Chrono Boost)  
  34  2:53  Probe (Chrono Boost)  
  34  2:54  Probe (Chrono Boost)  
  35  2:59  Probe (Chrono Boost)  
  35  3:00  Probe  
  37  3:09  Gateway  
  37  3:12  Gateway, Probe x2  
  39  3:21  Observer  
  39  3:24  Shield Battery, Probe (Chrono Boost)  
  42  3:27  Probe (Chrono Boost)  
  42  3:29  Pylon  
  43  3:36  Probe (Chrono Boost)  
  43  3:40  Shield Battery, Probe (Chrono Boost)  
  43  3:41  Probe (Chrono Boost)  
  44  3:45  Observer  
  46  3:48  Probe  
  46  3:50  Stalker  
  46  3:53  Probe  
  50  4:00  Probe  
  51  4:03  Pylon  
  51  4:04  Assimilator  
  51  4:05  Probe  
  51  4:06  Assimilator, Stalker  
  54  4:10  Pylon  
  54  4:20  Robotics Bay  
  54  4:21  Observer (Chrono Boost), Probe (Chrono Boost)  
  54  4:24  Probe (Chrono Boost)  
  56  4:34  Probe (Chrono Boost)  
  56  4:36  Observer (Chrono Boost)  
  58  4:38  Probe (Chrono Boost)  
  58  4:40  Probe (Chrono Boost)  
  59  4:46  Probe  
  59  4:52  Nexus  
  60  4:53  Observer  
  60  4:54  Pylon  
  60  4:57  Pylon  
  61  5:02  Probe  
  61  5:06  Pylon, Twilight Council  
  62  5:14  Stalker x2  
  62  5:15  Stalker  
  62  5:17  Shield Battery  
  62  5:20  Colossus  
  74  5:24  Probe  
  75  5:30  Probe  
  75  5:35  Forge  
  76  5:36  Probe  
  76  5:38  Extended Thermal Lance  
  76  5:41  Stalker  
  76  5:42  Stalker  
  80  5:46  Stalker  
  82  5:57  Blink (Chrono Boost)  
  80  6:01  Probe (Chrono Boost)  
  80  6:04  Protoss Ground Weapons Level 1 (Chrono Boost), Probe x2 (Chrono Boost)  
  84  6:13  Probe (Chrono Boost)  
  84  6:15  Probe x2 (Chrono Boost)  
  84  6:18  Probe (Chrono Boost)  
  86  6:21  Gateway  
  86  6:24  Gateway x2  
  87  6:26  Colossus (Chrono Boost), Probe  
  87  6:31  Probe  
  93  6:33  Probe  
  93  6:39  Pylon  
  93  6:40  Probe  
  93  6:42  Zealot, Sentry  
  93  6:43  Zealot  
  100  6:54  Gateway, Probe  
  101  6:55  Assimilator, Gateway  
  101  6:57  Probe  
  101  7:00  Assimilator  
  102  7:01  Photon Cannon  
  102  7:05  Warp Prism  
  102  7:08  Photon Cannon  
  102  7:10  Photon Cannon  
  104  7:22  Zealot, Sentry  
  108  7:26  Templar Archives  
  108  7:28  Pylon  
  108  7:29  Pylon  
  108  7:36  Probe  
  109  7:40  Pylon  
  109  7:41  Pylon  
  109  7:43  Pylon  
  109  7:46  Disruptor  
  109  7:48  Pylon  
  109  7:49  Gravitic Drive  
  109  7:51  Charge  
  112  7:54  Nexus  
  112  7:56  Robotics Facility  
  112  7:57  Observer  
  112  7:58  Probe  
  113  8:12  Stalker x4  
  117  8:13  Stalker  
  123  8:20  Stalker x3  
  123  8:25  Disruptor (Chrono Boost)  
  132  8:34  Protoss Ground Weapons Level 2  
  132  8:36  Stalker x3  
  124  8:49  Stalker  
  124  8:50  Stalker x2  
  124  8:53  Stalker  
  127  9:02  Zealot  
  127  9:03  Stalker, Zealot x2  
  127  9:14  Stalker x2  
  129  9:24  Zealot x2  
  129  9:25  Zealot x2  
  129  9:26  Disruptor (Chrono Boost)  
  129  9:27  Disruptor (Chrono Boost)  
  138  9:43  Stalker x3  
  138  9:44  Zealot  
  138  9:59  Disruptor (Chrono Boost)  
  136  10:00  Disruptor (Chrono Boost)  
  135  10:09  Probe  
  118  10:17  Zealot  
  118  10:18  Zealot x3  
  118  10:21  Probe  
  110  10:22  Disruptor (Chrono Boost), Observer  
  110  10:24  Stalker x2  
  111  10:33  Probe  
  111  10:34  Disruptor (Chrono Boost)  
  103  10:45  Stalker  
  103  10:46  Stalker x2  
  109  10:52  Zealot  
  109  10:54  Zealot  
  113  10:59  Zealot  
  115  11:06  Zealot x2  
  110  11:14  Stalker  
  110  11:15  Stalker  
  114  11:20  Zealot x2  
  114  11:25  Zealot x2  
  108  11:31  Zealot  
  99  11:37  Zealot  
Tags
 
Add a new tag
Caveats
  • Supply blocks, unpowered buildings, or Contaminate may cause inaccurate times.
  • Supply counts are checked every 10 seconds.